 Dungeon Crawl Stone Soup version 0.30-a0-292-g0f741e3f8e (webtiles) character file.

Game seed: 12002649554754926837

6028 night the Nimble (level 10, -4/56 HPs)
             Began as a Spriggan Berserker on Oct 17, 2022.
             Was an Elder of Trog.
             Engulfed by a cloud of steam (10 damage)
             ... on level 8 of the Dungeon.
             The game lasted 00:17:53 (8864 turns).

night the Nimble (Spriggan Berserker)               Turns: 8864, Time: 00:17:54

Health: -4/56      AC:  5    Str: 17    XL:     10   Next: 56%
Magic:  11/11      EV: 26    Int:  9    God:    Trog [****..]
Gold:   349        SH:  5    Dex: 17    Spells: 9/9 levels left

rFire   . . .      SeeInvis +    a - +2 scimitar (freeze)
rCold   . . .      Faith    .    (no shield)
rNeg    . . .      Spirit   .    b - +1 animal skin
rPois   .          Reflect  +    (helmet restricted)
rElec   .          Harm     .    (no cloak)
rCorr   .          Rampage  .    (gloves unavailable)
Will    +....                    (boots unavailable)
Stlth   ++........               l - amulet of reflection
HPRegen 0.29/turn                (no ring)
MPRegen 0.12/turn                (no ring)

@: unable to read, unable to drink, very quick
A: very small, no large weapons, unfitting armour, see invisible, speed 3,
talons 1, iridescent scales 1, strong 1, inability to drink after injury 1,
inability to read after injury 1
a: Renounce Religion, Berserk, Trog's Hand, Brothers in Arms


You were on level 8 of the Dungeon.
You worshipped Trog.
Trog was greatly pleased with you.
You visited 2 branches of the dungeon, and saw 9 of its levels.

You collected 491 gold pieces.
You spent 142 gold pieces at shops.

Inventory:

Hand Weapons
 a - a +2 scimitar of freezing (weapon)
 o - a +0 long sword
 y - a +0 dagger of holy wrath
Missiles
 c - 5 silver boomerangs (quivered)
 g - 65 stones
 h - 18 poisoned darts
 s - 4 throwing nets
Armour
 b - a +1 animal skin (worn)
Jewellery
 l - an amulet of reflection (around neck)
 x - a ring of protection from fire
Wands
 e - a wand of flame (16)
Scrolls
 f - 3 scrolls of fog
 i - a scroll of summoning
 j - a scroll of identify
 k - a scroll of noise
 m - 3 scrolls of teleportation
 n - 2 scrolls of magic mapping
 t - 2 scrolls of immolation
 u - 3 scrolls of poison
 v - 2 scrolls of blinking {unknown}
 A - a scroll of acquirement {unknown}
Potions
 d - 3 potions of curing {unknown}
 p - 2 potions of flight {unknown}
 q - 4 potions of heal wounds
 r - 2 potions of berserk rage {unknown}
 w - 2 potions of lignification {unknown}
 z - a potion of brilliance {unknown}


   Skills:
 + Level 8.2 Fighting
 + Level 8.2(9.3) Short Blades
 - Level 5.1(6.5) Long Blades
 + Level 12.6 Dodging


You had 9 spell levels left.
You didn't know any spells.
Your spell library contained the following spells:

 Spells                   Type           Power      Damage    Failure   Level
 Slow                     Hex            0%         N/A       38%         1
 Sublimation of Blood     Necr           0%         N/A       52%         2
 Confusing Touch          Hex            0%         N/A       77%         3
 Ozocubu's Armour         Ice            0%         N/A       77%         3
 Vampiric Draining        Necr           0%         2d6       77%         3
 Petrify                  Tmut/Erth      0%         N/A       99%         4
 Irradiate                Conj/Tmut      0%         3d11      100%        5
 Ozocubu's Refrigeration  Ice            0%         4d7       100%        7


Dungeon Overview and Level Annotations

Branches:
Dungeon (8/15)             Temple (1/1) D:6
   Lair: D:8-11

Altars:
Ashenzari
Cheibriados
Dithmenos
Elyvilon
Fedhas
Gozag
Hepliaklqana
Kikubaaqudgha
Makhleb
Nemelex Xobeh
Okawaru
Qazlal
Ru
Sif Muna
Trog
Uskayaw
Vehumet
Wu Jian
Xom
Zin
The Shining One

Shops:
D:3 (   D:7 :


Innate Abilities, Weirdness & Mutations

You are very small and have problems with some larger weapons.
You are too small for most types of armour.
You have supernaturally acute eyesight. (SInv)
You cover ground extremely quickly. (Speed+++)
You have sharp toenails.
You are partially covered in iridescent scales. (AC +2)
Your muscles are strong. (Str +4, Int/Dex -1)
You occasionally lose the ability to drink potions when taking damage.
You occasionally lose the ability to read scrolls when taking damage.


Message History

The steam dragon breathes steam at you. The ball of steam misses you.
You barely miss the steam dragon. Your kick misses the steam dragon.
The steam dragon is severely wounded.
You are engulfed in a cloud of scalding steam.
The steam dragon closely misses you. You block the steam dragon's attack.
The orc priest is engulfed in a cloud of scalding steam.
You barely miss the orc priest. You claw the orc priest.
The orc priest is almost dead.
You are engulfed in a cloud of scalding steam.
The orc priest hits you with a +0 hand axe.
You hit the orc priest. You freeze the orc priest.
You kill the orc priest!
Trog accepts your kill.
You hit the steam dragon. You freeze the steam dragon.
Your kick misses the steam dragon.
The steam dragon is almost dead.
The steam dragon misses you. The steam dragon closely misses you.
You closely miss the steam dragon. Your kick misses the steam dragon.
The steam dragon is almost dead.
The steam dragon breathes steam at you. The ball of steam misses you.
You barely miss the steam dragon.
The steam dragon is almost dead.
You are engulfed in a cloud of scalding steam.
You feel threatened and lose the ability to read scrolls!
You feel threatened and lose the ability to drink potions!
* * * LOW HITPOINT WARNING * * *
You block the steam dragon's attack. The steam dragon completely misses you.
You slash the steam dragon! You freeze the steam dragon.
You kill the steam dragon!
Trog accepts your kill.
You are engulfed in a cloud of scalding steam.
* * * LOW HITPOINT WARNING * * *
The orc wizard completely misses you.
You hit the orc wizard. You freeze the orc wizard.
You claw the orc wizard, but do no damage.
The orc wizard is moderately wounded.
You are engulfed in a cloud of scalding steam.
You die...

#.#...<#.##.#####.##### #.#.##.
.....#.#.##...........#####.#.###
#.#....#.##...................# #
...##.##.##.#########..####.### #
#[##...#.##.# #..# #.# #
.........##.# ######..# #.# #
..##...####.# #.......# #.# #
..........#.## #ยง#####.# #.# #
.####.###....###@# ###.####.# #
## ##......##o###........### #
#.#.........o.##.#.##.....# #
#.........##..##.#.##.....###
###.#........................
#.###.####..##.##.#.....### ..
.....................#
##....o.###.###.......####
#....... #.# #########


You could see 2 orc wizards.

Vanquished Creatures
  5 centaur zombies (D:7)
  A centaur skeleton (D:7)
  A komodo dragon (D:6)
  A hellwing (D:8)
  Sigmund (D:4)
  A wyvern (D:8)
  A steam dragon (D:8)
  2 water moccasins
  An ice beast (D:7)
  An orc warrior (D:6)
  2 black bears
  2 sky beasts
  A phantom (D:6)
  A kobold brigand (D:8)
  3 centaurs
  A necrophage (D:6)
  5 bullfrogs
  3 scorpions
  9 killer bees
  2 howler monkeys
  2 jellies
  A gnoll bouda (D:6)
  3 hounds
  4 orc priests
  2 iguanas
  5 orc wizards
  11 gnolls
  8 adders
  4 shadow imps (D:7)
  A white imp (D:7)
  An ufetubus (D:6)
  3 worms
  4 dart slugs
  23 orcs
  12 ball pythons
  8 bats
  4 endoplasms
  5 giant cockroaches
  6 goblins
  6 hobgoblins
  4 jackals (D:1)
  12 kobolds
  A quokka (D:3)
  6 frilled lizards
  7 rats
187 creatures vanquished.

Vanquished Creatures (collateral kills)
  A hellwing (D:7)
1 creature vanquished.

Vanquished Creatures (others)
  4 withered plants (D:7)
4 creatures vanquished.

Grand Total: 192 creatures vanquished

Notes
Turn   | Place    | Note
-------+----------+-------------------------------------------
     0 | D:1      | night the Spriggan Berserker began the quest for the Orb.
     0 | D:1      | Reached XP level 1. HP: 11/11 MP: 2/2
   193 | D:1      | Reached XP level 2. HP: 16/16 MP: 3/3
  1021 | D:2      | Reached XP level 3. HP: 19/19 MP: 4/4
  1174 | D:2      | Found a stormy altar of Qazlal.
  1278 | D:2      | Reached ** piety under Trog
  1306 | D:2      | Reached skill level 5 in Dodging
  1357 | D:2      | Found a faded altar of an unknown god.
  1358 | D:2      | Noticed a shining eye
  1359 | D:2      | Noticed an eye of devastation
  1360 | D:2      | Noticed a great orb of eyes
  1360 | D:2      | Noticed a shining eye
  1417 | D:2      | Reached XP level 4. HP: 23/24 MP: 5/5
  1517 | D:2      | You fall into a shaft and drop 1 floor!
  1973 | D:3      | Found a sparkling altar of Nemelex Xobeh.
  1994 | D:3      | Found a burning altar of Makhleb.
  2022 | D:3      | HP: 3/24 [poisoned by an adder]
  2024 | D:3      | Gained mutation: You occasionally lose the ability to read
                  | scrolls when taking damage. [potion of mutation]
  2024 | D:3      | Gained mutation: You are partially covered in iridescent
                  | scales. (AC +2) [potion of mutation]
  2024 | D:3      | Gained mutation: You occasionally lose the ability to drink
                  | potions when taking damage. [potion of mutation]
  2024 | D:3      | Gained mutation: You have hidden genetic potential. [potion
                  | of mutation]
  2024 | D:3      | HP: 1/24 [poisoned by an adder]
  2029 | D:3      | HP: 2/24 [poisoned by an adder]
  2367 | D:3      | Found Kichix's Weapon Shop.
  2393 | D:3      | Bought a +1 scimitar of freezing for 142 gold pieces
  2697 | D:3      | Found an ancient bone altar of Kikubaaqudgha.
  2697 | D:3      | Found a blossoming altar of Fedhas.
  2700 | D:3      | Found a white marble altar of Elyvilon.
  2759 | D:4      | Noticed Sigmund
  2765 | D:4      | Killed Sigmund
  2766 | D:4      | Reached skill level 6 in Dodging
  2766 | D:4      | Reached XP level 5. HP: 29/29 MP: 6/6
  2766 | D:4      | Reached XP level 6. HP: 33/33 MP: 7/7
  2770 | D:4      | Gained mutation: Your muscles are strong. (Str +4, Int/Dex
                  | -1) [hidden potential]
  3472 | D:4      | Reached *** piety under Trog
  3607 | D:4      | Reached XP level 7. HP: 24/37 MP: 8/8
  3610 | D:4      | Gained mutation: You have sharp toenails. [hidden
                  | potential]
  3610 | D:4      | Lost mutation: You have hidden genetic potential. [hidden
                  | potential expressed]
  3841 | D:5      | Entered Level 5 of the Dungeon
  3873 | D:5      | Reached skill level 7 in Dodging
  3971 | D:5      | Found a shadowy altar of Dithmenos.
  4656 | D:5      | Reached skill level 5 in Long Blades
  4903 | D:6      | Reached skill level 5 in Fighting
  4903 | D:6      | Reached skill level 8 in Dodging
  4903 | D:6      | Reached XP level 8. HP: 40/43 MP: 9/9
  4919 | D:6      | Found a staircase to the Ecumenical Temple.
  4932 | Temple   | Entered the Ecumenical Temple
  5196 | D:6      | Reached skill level 1 in Short Blades
  5284 | D:6      | Reached skill level 2 in Short Blades
  5420 | D:6      | Reached skill level 9 in Dodging
  5477 | D:6      | Noticed a komodo dragon
  5490 | D:6      | HP: 4/44 [komodo dragon (18)]
  5509 | D:6      | Killed a komodo dragon
  5729 | D:6      | Found a glowing silver altar of Zin.
  5744 | D:6      | Reached **** piety under Trog
  5898 | D:6      | Reached XP level 9. HP: 41/48 MP: 10/10
  6208 | D:7      | Found Yvvon's Book Emporium.
  6313 | D:7      | Reached skill level 10 in Dodging
  6415 | D:7      | Noticed a hellwing
  6416 | D:7      | Noticed a hellwing
  6528 | D:7      | Reached skill level 5 in Short Blades
  6824 | D:7      | Reached skill level 11 in Dodging
  7141 | D:7      | HP: 5/50 [hellwing (8)]
  7141 | D:7      | HP: 2/50 [hellwing (3)]
  7158 | D:7      | Killed a hellwing
  7352 | D:7      | Reached XP level 10. HP: 21/55 MP: 11/11
  7643 | D:7      | Reached skill level 12 in Dodging
  8156 | D:7      | Found an opulent altar of Gozag.
  8162 | D:7      | Found a radiant altar of Vehumet.
  8167 | D:7      | Found an ornate altar of the Wu Jian Council.
  8862 | D:8      | HP: 8/56 [steam dragon] (13)]
  8864 | D:8      | Engulfed by a cloud of steam

Illustrated notes

Levels and vault maps discovered:
D:1:      amcnicky_arrival_choice, layout_loops_corners,
          chequers_serial_rivers_small_3, chequers_serial_rivers_micro_e
D:2:      layout_basic, basic_altar, hellmonk_ecumenical_altar_watching_god
D:3:      layout_basic, minitemple, mainiacjoe_overflow_tiny_flanked,
          serial_shops, nicolae_shop_bloodbath_and_beyond
D:4:      layout_rooms, uniq_sigmund
D:5:      layout_loops_corners, lemuel_round_altar
D:6:      layout_loops_ring, mainiacjoe_overflow_small_starburst,
          minmay_temple_entry_ruins
D:7:      cheibrodos_grave_circle, layout_basic,
          minmay_overflow_temple_star_quad, serial_shops, kennysheep_little_box
D:8:      layout_loops_ring, minmay_stone_trees_small
Temple:   jpeg_temple_alley_garden

Skill      XL: |  1  2  3  4  5  6  7  8  9 10 |
---------------+-------------------------------+-----
Fighting       | 3 4 5 6 7 8 |  8.2
Long Blades    | 3 4 5 |  5.1
Dodging        | 5 6 8 9 11 12 | 12.6
Short Blades   | 4 7 8 |  8.2

Action                   |  1- 3 |  4- 6 |  7- 9 | 10-12 || total
-------------------------+-------+-------+-------+-------++-------
Melee: Falchion          |   118 |    24 |       |       ||   142
       Punch             |     2 |     2 |     4 |     2 ||    10
       Long sword        |       |    43 |       |       ||    43
       Scimitar          |       |   108 |   283 |    70 ||   461
       Kick              |       |       |    84 |    75 ||   159
       Dagger            |       |       |       |   101 ||   101
Throw: Boomerang         |       |     5 |    10 |       ||    15
       Dart              |       |     1 |    12 |       ||    13
Invok: Berserk           |     4 |     2 |     1 |     1 ||     8
       Trog's Hand       |       |     1 |     1 |       ||     2
       Brothers in Arms  |       |       |     1 |       ||     1
Evoke: Wand              |       |       |     4 |       ||     4
  Use: Potion            |       |     2 |     1 |       ||     3
       Scroll            |       |       |    10 |       ||    10
 Stab: Sleeping          |     3 |     2 |     3 |       ||     8
Armor: Animal skin       |     8 |    21 |    45 |    17 ||    91
Dodge: Dodged            |   112 |   248 |   349 |   177 ||   886
Block: Other             |       |       |    45 |    31 ||    76
       Reflection        |       |       |       |     1 ||     1

Table legend: (Time is in decaauts)
 A = Elapsed time spent in this place.
 B = Non-inter-level travel time spent in this place.
 C = Inter-level travel time spent in this place.
 D = Time resting spent in this place.
 E = Time spent auto-exploring this place.
 F = Levels seen in this place.
 G = Mean time per level.
                   A        B        C        D        E       F      G
               +--------+--------+--------+--------+--------+-----+--------+
         Total |   6753 |   6642 |    111 |    683 |   4431 |   9 |  750.3 |
       Dungeon |   6612 |   6534 |     78 |    683 |   4327 |   8 |  826.5 |
        Temple |    140 |    107 |     33 |      0 |    103 |   1 |  140.0 |
               +--------+--------+--------+--------+--------+-----+--------+

Top non-repeatable levels by time:
     D:7: 1577 daAuts
     D:3: 855 daAuts
     D:6: 773 daAuts
     D:5: 746 daAuts
     D:2: 685 daAuts
     D:4: 679 daAuts
     D:1: 675 daAuts
     D:8: 619 daAuts
  Temple: 140 daAuts
